TOP OF THE 1ST |
Northwest Arkansas Naturals batting - Pitching for Montgomery Biscuits : RHP Tung-chi Tian
|
Pitching: RHP Tung-chi Tian
|
|
Batting: RHB Edwin Ramos
|
0-0: Ball 1-0: Swinging Strike 1-1: Swinging Strike 1-2: Strikes out swinging, 2-3 out at first.
|
Batting: RHB Kevin Allen
|
0-0: Called Strike 0-1: Fly out, F9 (Flyball, 89S, EV 86.2 MPH)
|
Batting: RHB Phil Hamby
|
0-0: Called Strike 0-1: DOUBLE (Flyball, 8RXD, EV 115.0 MPH)
|
Batting: RHB Nick Julien
|
0-0: Called Strike 0-1: Ball 1-1: Ball 2-1: Foul Ball, location: 2F 2-2: Foul Ball, location: 2F 2-2: Foul Ball, location: 2F 2-2: Strikes out swinging
|
Top of the 1st over - 0 runs, 1 hit, 0 errors, 1 left on base; Northwest Arkansas 0 - Montgomery 0 |
BOTTOM OF THE 1ST |
Montgomery Biscuits batting - Pitching for Northwest Arkansas Naturals : RHP Brett Essary
|
Pitching: RHP Brett Essary
|
|
Batting: RHB Adam Turpin
|
0-0: Ball 1-0: Ground out 4-3 (Groundball, 4, EV 82.5 MPH)
|
Batting: LHB Mario Ocana
|
0-0: Ball 1-0: Foul Ball, location: 2F 1-1: Foul Ball, location: 2F 1-2: Foul Ball, location: 2F 1-2: Ball 2-2: Foul Ball, location: 2F 2-2: Foul Ball, location: 2F 2-2: Foul Ball, location: 2F 2-2: SINGLE (Line Drive, 89M, EV 93.1 MPH)
|
Batting: SHB Wayne Hattan
|
0-0: Ball 1-0: Ball 2-0: Called Strike 2-1: Ball 3-1: Fly out, F9 (Flyball, 9, EV 88.8 MPH)
|
Batting: RHB Jason Penfield
|
0-0: Ball Mario Ocana steals 2nd base 1-0: Called Strike 1-1: Ball 2-1: Swinging Strike 2-2: Strikes out swinging
|
Bottom of the 1st over - 0 runs, 1 hit, 0 errors, 1 left on base; Northwest Arkansas 0 - Montgomery 0 |
TOP OF THE 2ND |
Northwest Arkansas Naturals batting - Pitching for Montgomery Biscuits : RHP Tung-chi Tian
|
Batting: RHB Carlos Almada
|
0-0: Ball 1-0: Called Strike 1-1: Ball 2-1: Foul Ball, location: 2F 2-2: Ball 3-2: Ground out 6-3 (Groundball, 6MD, EV 105.6 MPH)
|
Batting: RHB Nate De Jongh
|
0-0: Ball 1-0: Ground out U3 (Groundball, 34, EV 104.4 MPH)
|
Batting: RHB Mike Bearden
|
0-0: Ball 1-0: Called Strike 1-1: Swinging Strike 1-2: Foul Ball, location: 2F 1-2: Foul Ball, location: 2F 1-2: Ground out 6-3 (Groundball, 6, EV 86.2 MPH)
|
Top of the 2nd over - 0 runs, 0 hits, 0 errors, 0 left on base; Northwest Arkansas 0 - Montgomery 0 |
BOTTOM OF THE 2ND |
Montgomery Biscuits batting - Pitching for Northwest Arkansas Naturals : RHP Brett Essary
|
Batting: RHB Freddy Mullen
|
0-0: Called Strike 0-1: SINGLE (Line Drive, 8RS, EV 91.9 MPH)
|
Batting: RHB Dave Galloway
|
0-0: Called Strike 0-1: Foul Ball, location: 2F 0-2: Strikes out swinging
|
Batting: RHB Khalil Walker
|
0-0: Ball 1-0: Ball 2-0: Swinging Strike 2-1: SINGLE (Line Drive, 56, EV 114.4 MPH) Freddy Mullen to second
|
Batting: RHB Isaiah Easter
|
0-0: Ball 1-0: Called Strike 1-1: Ball 2-1: Fly out, F8 (Flyball, 78M, EV 80.0 MPH)
|
Batting: LHB Alex Genao
|
0-0: Ball 1-0: Ball 2-0: Ball 3-0: Swinging Strike 3-1: Foul Ball, location: 2F 3-2: Strikes out swinging
|
Bottom of the 2nd over - 0 runs, 2 hits, 0 errors, 2 left on base; Northwest Arkansas 0 - Montgomery 0 |
TOP OF THE 3RD |
Northwest Arkansas Naturals batting - Pitching for Montgomery Biscuits : RHP Tung-chi Tian
|
Batting: LHB Danny Pacheco
|
0-0: Ball 1-0: Hit by Pitch
|
Batting: RHB Vance Coen
|
0-0: Grounds into double play, 6-4-3 (Groundball, 6, EV 83.1 MPH)
|
Batting: RHB Edwin Ramos
|
0-0: Ball 1-0: Fly out, F8 (Flyball, 8RD, EV 93.8 MPH)
|
Top of the 3rd over - 0 runs, 0 hits, 0 errors, 0 left on base; Northwest Arkansas 0 - Montgomery 0 |
BOTTOM OF THE 3RD |
Montgomery Biscuits batting - Pitching for Northwest Arkansas Naturals : RHP Brett Essary
|
Batting: RHB Adam Turpin
|
0-0: Called Strike 0-1: Ball 1-1: Ball 2-1: Ball 3-1: Ground out 4-3 (Groundball, 4, EV 85.6 MPH)
|
Batting: LHB Mario Ocana
|
0-0: Called Strike 0-1: DOUBLE (Groundball, 5L, EV 98.8 MPH)
|
Batting: SHB Wayne Hattan
|
0-0: Foul Ball, location: 2F 0-1: Ball 1-1: Foul Ball, location: 2F 1-2: Fly out, F7 (Flyball, 78M, EV 91.2 MPH)
|
Batting: RHB Jason Penfield
|
0-0: Called Strike 0-1: Fly out, F7 (Flyball, 78D, EV 86.9 MPH)
|
Bottom of the 3rd over - 0 runs, 1 hit, 0 errors, 1 left on base; Northwest Arkansas 0 - Montgomery 0 |
TOP OF THE 4TH |
Northwest Arkansas Naturals batting - Pitching for Montgomery Biscuits : RHP Tung-chi Tian
|
Batting: RHB Kevin Allen
|
0-0: Called Strike 0-1: Called Strike 0-2: Ball 1-2: Strikes out swinging
|
Batting: RHB Phil Hamby
|
0-0: Swinging Strike 0-1: Called Strike 0-2: Ball 1-2: SINGLE (Groundball, 4MD, EV 96.2 MPH)
|
Batting: RHB Nick Julien
|
0-0: Foul Ball, location: 2F 0-1: Grounds into double play, 5-4-3 (Groundball, 56, EV 85.0 MPH)
|
Top of the 4th over - 0 runs, 1 hit, 0 errors, 0 left on base; Northwest Arkansas 0 - Montgomery 0 |
BOTTOM OF THE 4TH |
Montgomery Biscuits batting - Pitching for Northwest Arkansas Naturals : RHP Brett Essary
|
Batting: RHB Freddy Mullen
|
0-0: Ball 1-0: Ball 2-0: Called Strike 2-1: Called Strike 2-2: Ball 3-2: Foul Ball, location: 2F 3-2: SINGLE (Groundball, 6D, EV 98.8 MPH)
|
Batting: RHB Dave Galloway
|
0-0: Called Strike 0-1: Ball 1-1: Ball 2-1: Ball 3-1: Base on Balls Freddy Mullen to second
|
Pitching: RHP Bryan Kiefer
|
|
Batting: RHB Khalil Walker
|
0-0: Ball 1-0: SINGLE (Groundball, P, EV 86.2 MPH) (infield hit) Freddy Mullen to third Dave Galloway to second
|
Batting: RHB Isaiah Easter
|
0-0: Called Strike 0-1: Grounds into double play, 5-4-3 (Groundball, 56, EV 98.8 MPH) Freddy Mullen scores Dave Galloway to third
|
Batting: LHB Alex Genao
|
0-0: Ball 1-0: Foul Ball, location: 2F 1-1: 2-RUN HOME RUN (Flyball, 9D, EV 96.9 MPH), Distance : 372 ft
|
Batting: RHB Adam Turpin
|
0-0: SINGLE (Groundball, 5S, EV 66.9 MPH) (infield hit)
|
Batting: LHB Mario Ocana
|
0-0: Ball Adam Turpin steals 2nd base 1-0: Foul Ball, location: 2F 1-1: Ground out 6-3 (Groundball, 6, EV 77.5 MPH)
|
Bottom of the 4th over - 3 runs, 4 hits, 0 errors, 1 left on base; Northwest Arkansas 0 - Montgomery 3 |
TOP OF THE 5TH |
Northwest Arkansas Naturals batting - Pitching for Montgomery Biscuits : RHP Tung-chi Tian
|
Batting: RHB Carlos Almada
|
0-0: Called Strike 0-1: SINGLE (Groundball, 6S, EV 67.5 MPH) (infield hit)
|
Batting: RHB Nate De Jongh
|
0-0: Ball 1-0: Called Strike 1-1: Foul Ball, location: 2F 1-2: Strikes out swinging
|
Batting: RHB Mike Bearden
|
0-0: Ground out 6-3 (Groundball, P, EV 87.5 MPH) Carlos Almada to second
|
Batting: LHB Danny Pacheco
|
0-0: Foul Ball, location: 2F 0-1: Ball 1-1: Swinging Strike 1-2: Foul Ball, location: 2F 1-2: Strikes out swinging
|
Top of the 5th over - 0 runs, 1 hit, 0 errors, 1 left on base; Northwest Arkansas 0 - Montgomery 3 |
BOTTOM OF THE 5TH |
Montgomery Biscuits batting - Pitching for Northwest Arkansas Naturals : RHP Bryan Kiefer
|
Batting: SHB Wayne Hattan
|
0-0: Foul Ball, location: 2F 0-1: Ground out 4-3 (Groundball, 34D, EV 107.5 MPH)
|
Batting: RHB Jason Penfield
|
0-0: Ball 1-0: Fly out, F7 (Flyball, 7LM, EV 91.9 MPH)
|
Batting: RHB Freddy Mullen
|
0-0: Called Strike 0-1: Ball 1-1: Ground out 3-1 (Groundball, 34, EV 90.0 MPH)
|
Bottom of the 5th over - 0 runs, 0 hits, 0 errors, 0 left on base; Northwest Arkansas 0 - Montgomery 3 |
TOP OF THE 6TH |
Northwest Arkansas Naturals batting - Pitching for Montgomery Biscuits : RHP Tung-chi Tian
|
Batting: RHB Vance Coen
|
0-0: Ball 1-0: Ball 2-0: Ball 3-0: Called Strike 3-1: Swinging Strike 3-2: Strikes out swinging
|
Batting: RHB Edwin Ramos
|
0-0: Ball 1-0: Ball 2-0: Called Strike 2-1: Foul Ball, location: 2F 2-2: Ball 3-2: Foul Ball, location: 2F 3-2: Strikes out swinging
|
Batting: RHB Kevin Allen
|
0-0: Called Strike 0-1: Swinging Strike 0-2: Strikes out swinging
|
Top of the 6th over - 0 runs, 0 hits, 0 errors, 0 left on base; Northwest Arkansas 0 - Montgomery 3 |
BOTTOM OF THE 6TH |
Montgomery Biscuits batting - Pitching for Northwest Arkansas Naturals : RHP Bryan Kiefer
|
Batting: RHB Dave Galloway
|
0-0: Foul Ball, location: 2F 0-1: Called Strike 0-2: Fly out, F3 (Popup, 3F, EV 63.1 MPH)
|
Batting: RHB Khalil Walker
|
0-0: Called Strike 0-1: Reached on error, E6 (Groundball, 56, EV 100.6 MPH)
|
Batting: RHB Isaiah Easter
|
0-0: Ball Khalil Walker is caught stealing 2nd base 2-4 1-0: Called Strike 1-1: Ground out U3 (Groundball, 3, EV 84.4 MPH)
|
Bottom of the 6th over - 0 runs, 0 hits, 1 error, 0 left on base; Northwest Arkansas 0 - Montgomery 3 |
TOP OF THE 7TH |
Northwest Arkansas Naturals batting - Pitching for Montgomery Biscuits : RHP Tung-chi Tian
|
Batting: RHB Phil Hamby
|
0-0: Called Strike 0-1: Called Strike 0-2: Ball 1-2: Ball 2-2: Strikes out looking
|
Batting: RHB Nick Julien
|
0-0: Called Strike 0-1: Swinging Strike 0-2: Ball 1-2: Strikes out swinging
|
Batting: RHB Carlos Almada
|
0-0: Called Strike 0-1: SOLO HOME RUN (Flyball, 7D, EV 98.8 MPH), Distance : 387 ft
|
Batting: RHB Nate De Jongh
|
0-0: Called Strike 0-1: Swinging Strike 0-2: Foul Ball, location: 2F 0-2: Ball 1-2: Foul Ball, location: 2F 1-2: Strikes out swinging
|
Top of the 7th over - 1 run, 1 hit, 0 errors, 0 left on base; Northwest Arkansas 1 - Montgomery 3 |
BOTTOM OF THE 7TH |
Montgomery Biscuits batting - Pitching for Northwest Arkansas Naturals : RHP Bryan Kiefer
|
Batting: LHB Alex Genao
|
0-0: Called Strike 0-1: Ground out 3-1 (Groundball, 3L, EV 103.8 MPH)
|
Batting: RHB Adam Turpin
|
0-0: Called Strike 0-1: Swinging Strike 0-2: Ball 1-2: Ball 2-2: Strikes out swinging
|
Batting: LHB Mario Ocana
|
0-0: Foul Ball, location: 2F 0-1: Fly out, F8 (Line Drive, 8LM, EV 87.5 MPH)
|
Bottom of the 7th over - 0 runs, 0 hits, 0 errors, 0 left on base; Northwest Arkansas 1 - Montgomery 3 |
TOP OF THE 8TH |
Northwest Arkansas Naturals batting - Pitching for Montgomery Biscuits : RHP Tung-chi Tian
|
Batting: RHB Mike Bearden
|
0-0: Ball 1-0: SINGLE (Line Drive, 8RS, EV 105.0 MPH)
|
Batting: LHB Danny Pacheco
|
0-0: Ball 1-0: Fly out, F8 (Flyball, 78M, EV 80.0 MPH)
|
Batting: RHB Vance Coen
|
0-0: Ball 1-0: Ball 2-0: Foul Ball, location: 2F 2-1: DOUBLE (Line Drive, 78M, EV 105.6 MPH) Mike Bearden to third Runner from 3rd tries for Home, SAFE, no throw by LF
|
Batting: RHB Edwin Ramos
|
0-0: Ball 1-0: Ground out 6-3 (Groundball, 6D, EV 106.9 MPH)
|
Pitching: RHP Josh McMahan
|
|
Batting: RHB Kevin Allen
|
0-0: Ball 1-0: Ball 2-0: Foul Ball, location: 2F 2-1: Foul Ball, location: 2F 2-2: Foul Ball, location: 2F 2-2: Strikes out swinging
|
Top of the 8th over - 1 run, 2 hits, 0 errors, 1 left on base; Northwest Arkansas 2 - Montgomery 3 |
BOTTOM OF THE 8TH |
Montgomery Biscuits batting - Pitching for Northwest Arkansas Naturals : RHP Bryan Kiefer
|
Pitching: LHP Walter Whiteman
|
|
Batting: SHB Wayne Hattan
|
0-0: Foul Ball, location: 2F 0-1: Ball 1-1: Ball 2-1: Foul Ball, location: 2F 2-2: Foul Ball, location: 2F 2-2: Ball 3-2: Foul Ball, location: 2F 3-2: Strikes out swinging
|
Batting: RHB Jason Penfield
|
0-0: Foul Ball, location: 2F 0-1: Swinging Strike 0-2: Ball 1-2: Ground out 5-3 (Groundball, 5S, EV 82.5 MPH)
|
Batting: RHB Freddy Mullen
|
0-0: Ground out 4-3 (Groundball, 4, EV 104.4 MPH)
|
Bottom of the 8th over - 0 runs, 0 hits, 0 errors, 0 left on base; Northwest Arkansas 2 - Montgomery 3 |
TOP OF THE 9TH |
Northwest Arkansas Naturals batting - Pitching for Montgomery Biscuits : RHP Josh McMahan
|
Now at 1B: Alex Genao
|
|
Now at 2B: Khalil Walker
|
|
Now at SS: John Downing
|
|
Batting: RHB Phil Hamby
|
0-0: Ball 1-0: Foul Ball, location: 2F 1-1: Swinging Strike 1-2: Strikes out swinging
|
Batting: RHB Nick Julien
|
0-0: Ball 1-0: Called Strike 1-1: Ball 2-1: Ground out 6-3 (Groundball, 6, EV 106.2 MPH)
|
Batting: RHB Carlos Almada
|
0-0: Foul Ball, location: 2F 0-1: Foul Ball, location: 2F 0-2: Ball 1-2: Ground out 6-3 (Groundball, 6, EV 102.5 MPH)
|
Top of the 9th over - 0 runs, 0 hits, 0 errors, 0 left on base; Northwest Arkansas 2 - Montgomery 3 |
|